 Dungeon Crawl Stone Soup version 0.31-a0-1612-g4aaf141004 (webtiles) character file.

Game seed: 17630932330427134680

195 Jannitor the Conjurer (level 5, -1/45 HPs)
             Began as a Draconian Reaver on Jan 9, 2024.
             Slain by a crocodile (13 damage)
             ... in a sewer.
             The game lasted 00:04:05 (1941 turns).

Jannitor the Conjurer (Draconian Reaver)            Turns: 1941, Time: 00:04:06

Health: -1/45      AC:  5    Str: 14 (15) XL:     5   Next: 45%
Magic:  4/9        EV: 12    Int: 12 (13) God:
Gold:   139        SH:  0    Dex: 10 (11) Spells: 6/9 levels left

rFire   + . .        a - +0 falchion
rCold   . . .        (no shield)
rNeg    . . .        (body armour unavailable)
rPois   .            (helmet restricted)
rElec   .            (no cloak)
rCorr   .            (no gloves)
SInv    .            (no boots)
Will    .....        (no amulet)
Stlth   +            g - ring of protection from fire
HPRegen 0.27/turn    (no ring)
MPRegen 0.11/turn

%: no passive effects
@: very slightly contaminated
A: AC +5, unfitting armour, cold-blooded
a: no special abilities


You were in a sewer.
You visited 1 branch of the dungeon, and saw 3 of its levels.
You also visited: Sewer.

You collected 139 gold pieces.

Inventory:

Hand Weapons
 a - a +0 falchion (weapon)
Jewellery
 g - a ring of protection from fire (left hand)
 h - the ring of Irabeyc {rElec rF++ rC+ Int-3 Stlth+}
   (You found it on level 2 of the Dungeon)

   [ring of protection from cold]

   Int-3:     It affects your intelligence (-3).
   rF++:      It greatly protects you from fire.
   rC+:       It protects you from cold.
   rElec:     It insulates you from electricity.
   Stlth+:    It makes you more stealthy.
Scrolls
 c - a scroll of teleportation {unknown}
 e - a scroll of enchant weapon {unknown}
 i - 2 scrolls of immolation {unknown}
 j - a scroll of amnesia {unknown}
 k - a scroll of identify {unknown}
Potions
 d - a potion of cancellation
 l - a potion of invisibility {unknown}
 m - a potion of lignification {unknown}


   Skills:
 + Level 3.3 Fighting
 + Level 3.6 Long Blades
 + Level 2.6 Dodging
 + Level 2.7 Spellcasting
 + Level 3.7 Conjurations
 + Level 1.7 Alchemy


You had 6 spell levels left.
You knew the following spells:

 Your Spells              Type           Power      Damage    Failure   Level
a - Kiss of Death         Conj/Necr      24%        2d7       12%         1
b - Mercury Vapours       Alch/Air       6%         N/A       26%         2

Your spell library contained the following spells:

 Spells                   Type           Power      Damage    Failure   Level
 Momentum Strike          Conj/Tloc      12%        3d8       19%         2
 Hailstorm                Conj/Ice       6%         3d5       34%         3
 Mephitic Cloud           Conj/Alch/Air  6%         N/A       34%         3
 Summon Ice Beast         Ice/Summ       1%         N/A       58%         3
 Freezing Cloud           Conj/Ice/Air   2%         6-21      99%         5
 Summon Mana Viper        Hex/Summ       1%         N/A       100%        5
 Monstrous Menagerie      Summ           0%         N/A       100%        7


Dungeon Overview and Level Annotations

Branches:
Dungeon (3/15)              Sewer (1/1)

Altars:
Trog


Innate Abilities, Weirdness & Mutations

Your plain brown scales are hard. (AC +5)
You cannot fit into any form of body armour.
You are cold-blooded and may be slowed by cold attacks.


Message History

Aiming: Mercury Vapours (dangerous; 26% risk of failure)
Press: ? - help, Dir - move target, f/p - crocodile
Aim: a crocodile (very poisoned, weak, chance to weaken: 58%) Fumes of mercury billow around the crocodile!
The crocodile looks even sicker.
The bat looks weaker.
The bat misses you.
Unknown command.
Casting: Mercury Vapours (dangerous; 26% risk of failure)
Confirm with . or Enter, or press ? or * to list all spells.
Aiming: Mercury Vapours (dangerous; 26% risk of failure)
Press: ? - help, Dir - move target, f/p - crocodile
Aim: a crocodile (very poisoned, weak, chance to weaken: 58%)
You miscast Mercury Vapours.
You are very lightly contaminated with residual magic.
Nothing appears to happen.
The bat closely misses you. x2
Unknown command.
Press: ? - help, v - describe, . - travel
Here: a crocodile (lightly wounded, very poisoned, weak)
The floor.
Unknown command.
The bat attacks as it pursues you! The bat closely misses you.
The bat barely misses you.
You hit the bat.
You kill the bat!
It was a potion of degeneration.
There was something very wrong with that liquid.
You feel weakened.
You feel dopey.
You feel clumsy.
The crocodile is no longer weakened.
The crocodile closely misses you.
You hit the crocodile but do no damage.
The crocodile is moderately wounded.
The crocodile bites you. The crocodile drags you backwards!
You hit the crocodile.
The crocodile is heavily wounded.
The crocodile bites you! The crocodile drags you backwards!
Found a murky black potion, a dagger, a beast talisman and 21 gold pieces.
You hit the crocodile.
Your tail-slap misses the crocodile.
The crocodile is heavily wounded.
The crocodile bites you!
* * * LOW HITPOINT WARNING * * *
The crocodile drags you backwards! The crocodile bites you!
You die...

##.....## #.#
#...≈...## #.#
...≈≈≈...#######.####
∩.≈≈≈≈≈.............#
...≈≈≈...#######.####
#...≈...## #.#
##.....## #!# #######
###.### #..@..#
#...l...# #.......#
#.......# #.......#
#..$?$..# ##$%!)$##
#######


You could see a crocodile (very poisoned).

Vanquished Creatures
  A brain worm (Sewer)
  3 gnolls (D:2)
  2 adders (D:2)
  2 dart slugs (D:1)
  A ribbon worm (D:2)
  6 endoplasms
  4 giant cockroaches
  7 hobgoblins (D:1)
  4 jackals (D:2)
  9 quokkas
  3 ball pythons (D:1)
  7 bats
  2 frilled lizards
  6 goblins
  7 kobolds
  5 rats
69 creatures vanquished.

Notes
Turn   | Place    | Note
-------+----------+-------------------------------------------
     0 | D:1      | Jannitor the Draconian Reaver began the quest for the Orb.
     0 | D:1      | Reached XP level 1. HP: 17/17 MP: 3/3
   214 | D:1      | Reached XP level 2. HP: 25/25 MP: 5/5
   292 | D:1      | Learned a level 2 spell: Mercury Vapours
   445 | D:1      | Reached XP level 3. HP: 30/30 MP: 6/6
   608 | D:1      | Found a faded altar of an unknown god.
   937 | D:2      | Identified the ring of Irabeyc {rElec rF++ rC+ Int-3
                  | Stlth+}
  1310 | D:2      | Reached skill level 1 in Alchemy
  1314 | D:2      | Reached XP level 4. HP: 37/37 MP: 4/7
  1728 | D:3      | Found a bloodstained altar of Trog.
  1780 | D:3      | Found a glowing drain.
  1810 | Sewer    | Entered a sewer
  1852 | Sewer    | Noticed a brain worm
  1864 | Sewer    | Killed a brain worm
  1865 | Sewer    | Reached XP level 5. HP: 45/45 MP: 2/9
  1930 | Sewer    | Noticed a crocodile
  1941 | Sewer    | Slain by a crocodile

Illustrated notes

Levels and vault maps discovered:
D:1:      amcnicky_arrival_choice, layout_basic, basic_ecumenical_altar,
          minmay_hexomino_c4
D:2:      cheibrodos_old_hovel, layout_loops_cross, grunt_decor_cap,
          st_stairs_14
D:3:      layout_loops_ring, bloody_trog, grunt_temple_overflow_open,
          gup_sewer_entry_pipe, grunt_ministairs_11, uniq_grinder
Sewer:    sewer_big_baddie

Skill      XL: |  1  2  3  4 |
---------------+-------------+-----
Dodging        | 2 |  2.6
Alchemy        | 1 |  1.7
Fighting       | 3 |  3.3
Long Blades    | |  3.6
Spellcasting   | |  2.7
Conjurations   | |  3.7

Action                     |  1- 3 |  4- 6 || total
---------------------------+-------+-------++-------
  Melee: Falchion          |   153 |    99 ||   252
         Tailslap          |    19 |     9 ||    28
         Punch             |     1 |     1 ||     2
   Cast: Mercury Vapours   |     3 |     5 ||     8
    Use: Potion            |       |     3 ||     3
 Armour: Skin              |    87 |    62 ||   149
  Dodge: Dodged            |   121 |    71 ||   192

Table legend: (Time is in decaauts)
 A = Elapsed time spent in this place.
 B = Non-inter-level travel time spent in this place.
 C = Inter-level travel time spent in this place.
 D = Time resting spent in this place.
 E = Time spent auto-exploring this place.
 F = Levels seen in this place.
 G = Mean time per level.
                   A        B        C        D        E       F      G
               +--------+--------+--------+--------+--------+-----+--------+
         Total |   1986 |   1954 |     32 |     63 |   1303 |   4 |  496.5 |
       Dungeon |   1853 |   1821 |     32 |      0 |   1281 |   3 |  617.7 |
         Sewer |    133 |    133 |      0 |     63 |     22 |   1 |  133.0 |
               +--------+--------+--------+--------+--------+-----+--------+

Top non-repeatable levels by time:
     D:1: 906 daAuts
     D:2: 852 daAuts
   Sewer: 133 daAuts
     D:3: 95 daAuts
